 Dungeon Crawl Stone Soup version 0.31-a0-1317-gdfb52cbc09 (webtiles) character file.

Game seed: 3104244820399135627

30793 inmateoo the Cleaver (level 13, -13/116 HPs)
             Began as a Minotaur Fighter on Dec 21, 2023.
             Was a High Priest of the Shining One.
             Mangled by a skeletal warrior
             ... wielding a +0 glaive
              (23 damage)
             ... on level 13 of the Dungeon.
             The game lasted 00:12:05 (12593 turns).

inmateoo the Cleaver (Minotaur Fighter)            Turns: 12593, Time: 00:12:05

Health: -13/116    AC: 17    Str: 21    XL:     13   Next: 22%
Magic:  17/17      EV: 15    Int:  5    God:    the Shining One [*****.]
Gold:   133        SH: 10    Dex: 15    Spells: 12/12 levels left

rFire   + . .        x - +4 hand axe (heavy)
rCold   . . .        f - +3 buckler
rNeg    + + .        d - +4 ring mail {Will+}
rPois   .            (helmet restricted)
rElec   .            C - +1 cloak
rCorr   .            u - +0 pair of gloves
SInv    .            o - +0 pair of boots
Will    ++...        q - amulet of the acrobat
Stlth   +            k - ring of willpower
HPRegen 0.39/turn    h - ring of protection from fire
MPRegen 0.15/turn

%: acrobat
@: on fire, glowing
A: horns 2, retaliatory headbutt
a: Renounce Religion, Divine Shield, Cleansing Flame, Summon Divine Warrior


You were on level 13 of the Dungeon.
You worshipped the Shining One.
The Shining One was extremely pleased with you.
You visited 1 branch of the dungeon, and saw 13 of its levels.
You also visited: Sewer and Bailey.

You collected 1544 gold pieces.
You spent 1411 gold pieces at shops.

Inventory:

Hand Weapons
 a - a +1 war axe
 i - a +1 scimitar of flaming
 x - a +4 heavy hand axe (weapon)
 H - a +0 broad axe
Missiles
 t - 3 throwing nets
Armour
 d - a +4 ring mail of willpower (worn)
 f - a +3 buckler (worn)
 o - a +0 pair of boots (worn)
 u - a +0 pair of gloves (worn)
 C - a +1 cloak (worn)
 F - a +0 crystal plate armour
Jewellery
 c - a ring of ice
 h - a ring of protection from fire (right hand)
 k - a ring of willpower (left hand)
 q - an amulet of the acrobat (around neck)
 y - a ring of positive energy
 K - a ring of protection from fire
Wands
 w - a wand of flame (25)
 z - a wand of acid (10)
 G - a wand of roots (4)
Scrolls
 e - 2 scrolls of identify
 r - 3 scrolls of enchant weapon
 s - a scroll of amnesia
 A - 2 scrolls of teleportation
 B - a scroll of vulnerability
 E - 4 scrolls of poison
 J - a scroll of enchant armour
 L - 3 scrolls of fear
 N - a scroll of fog
Potions
 b - a potion of ambrosia
 g - 6 potions of heal wounds
 j - 3 potions of curing
 l - 2 potions of mutation
 m - a potion of experience
 n - a potion of lignification
 p - a potion of attraction
 v - 4 potions of brilliance
 D - a potion of haste
 I - a potion of enlightenment
 M - a potion of berserk rage


   Skills:
 + Level 11.4 Fighting
 * Level 14.8 Axes
 + Level 11.4 Armour
 + Level 9.5 Dodging
 + Level 11.1 Shields
 + Level 7.4 Invocations


You had 12 spell levels left.
You didn't know any spells.
Your spell library contained the following spells:

 Spells                   Type           Power      Damage    Failure   Level
 Apportation              Tloc           0%         N/A       65%         1
 Necrotise                Necr           0%         1d4       65%         1
 Slow                     Hex            0%         N/A       65%         1
 Sting                    Conj/Alch      0%         1d3       65%         1
 Summon Small Mammal      Summ           0%         N/A       65%         1
 Blink                    Tloc           0%         N/A       80%         2
 Ensorcelled Hibernation  Hex/Ice        0%         N/A       80%         2
 Lesser Beckoning         Tloc           0%         N/A       80%         2
 Mercury Vapours          Alch/Air       0%         N/A       80%         2
 Momentum Strike          Conj/Tloc      0%         3d8       80%         2
 Fugue of the Fallen      Necr           0%         N/A       95%         3
 Gell's Gravitas          Tloc           0%         N/A       95%         3
 Mephitic Cloud           Conj/Alch/Air  0%         N/A       95%         3
 Teleport Other           Tloc           0%         N/A       95%         3
 Anguish                  Hex/Necr       0%         N/A       100%        4
 Cause Fear               Hex            0%         N/A       100%        4
 Manifold Assault         Tloc           0%         N/A       100%        4
 Freezing Cloud           Conj/Ice/Air   0%         6-21      100%        5
 Dispersal                Tloc           0%         N/A       100%        6
 Enfeeble                 Hex            0%         N/A       100%        7


Dungeon Overview and Level Annotations

Branches:
Dungeon (13/15)            Temple (0/1) D:6            Lair (0/5) D:10
    Orc (0/2) D:11         Vaults (0/5) D:13          Sewer (visited)
 Bailey (visited)

Altars:
Ashenzari
Dithmenos
Elyvilon
Gozag
Hepliaklqana
Kikubaaqudgha
Makhleb
Nemelex Xobeh
Okawaru
Qazlal
Sif Muna
Trog
Uskayaw
Vehumet
Wu Jian
Xom
The Shining One

Shops:
D:13 !


Innate Abilities, Weirdness & Mutations

You have a pair of horns on your head.
You reflexively headbutt those who attack you in melee.


Message History

You headbutt the centaur warrior skeleton!
The centaur warrior skeleton is almost destroyed.
The centaur warrior skeleton hits you but does no damage.
The centaur warrior skeleton barely misses you.
You slice the centaur warrior skeleton!!
You destroy the centaur warrior skeleton!
The Shining One accepts your kill.
You feel better.
You hit the boggart skeleton.
The deep elf knight casts a spell.
The deep elf knight seems to speed up.
The boggart skeleton hits you but does no damage.
The skeletal warrior hits you from afar with a +0 glaive!
You slice the boggart skeleton!!
You destroy the boggart skeleton!
The Shining One accepts your kill.
You feel better.
The deep elf knight shoots an arrow.
The arrow hits you!
The skeletal warrior hits you from afar with a +0 glaive!
You are too injured to fight recklessly!
You are too injured to fight recklessly!
You hit the deep elf pyromancer.
The deep elf pyromancer is heavily wounded.
The deep elf knight shoots an arrow.
The arrow hits you!
* * * LOW HITPOINT WARNING * * *
The skeletal warrior hits you from afar with a +0 glaive!!
* * * LOW HITPOINT WARNING * * *
The deep elf pyromancer casts a spell at you.
The pyre arrow hits you.
You are covered in intense liquid fire!
As you read the scroll of fear, it crumbles to dust.
You assume a fearsome visage.
The deep elf pyromancer looks frightened!
The deep elf knight resists with almost no effort.
The skeletal warrior is unaffected.
The liquid fire burns you!
* * * LOW HITPOINT WARNING * * *
The deep elf knight shoots an arrow.
You block the arrow.
The deep elf knight shoots an arrow.
The arrow hits you.
* * * LOW HITPOINT WARNING * * *
The skeletal warrior hits you from afar with a +0 glaive!!
You die...

#######..#######.#.....
#∩....#..# . #.##.>..
#..#.##..# . #.##'###
#.#.#.#..#.# #.......
#..##)#..#.##..#.......
#.#.).)......# #.......
#.#####.#..#.###
####...#
#.......$..e.... #####
#.......@$.......
#######)#e.#.#####
.z.°......
..##.#..#.##. #.
#.#..#.# # .##..# c .
..# # .$#


You could see a skeletal warrior, a deep elf knight (fast, invisible) and a deep
elf pyromancer (fleeing).

Vanquished Creatures
  Azrael (D:13)
  Harold (D:11)
  2 vault guards (Bailey)
  A hydra (D:12)
  Erica (D:9)
  4 two-headed ogres
  3 centaur warriors (D:13)
  A boulder beetle (D:12)
  Lodul (D:11)
  3 deep elf pyromancers
  4 cyclopes
  2 ugly things (D:13)
  A manticore (D:11)
  3 gargoyles
  2 centaur skeletons (D:13)
  An unseen horror (D:11)
  2 kobold demonologists
  A freezing wraith (D:12)
  An efreet (D:13)
  8 trolls
  A tarantella (shapeshifter) (D:13)
  A hornet (D:10)
  Prince Ribbit (Bailey)
  3 shadows
  2 vampires
  4 fire elementals (D:13)
  4 humans
  2 wyverns
  4 hogs (D:9)
  4 vampire mosquitoes
  A basilisk (D:13)
  13 yaks
  2 acid dragons
  4 water moccasins
  2 hell hounds (D:13)
  5 orc warriors
  4 sky beasts
  2 black bears
  3 ice beasts
  A crocodile (shapeshifter) (D:13)
  11 ogres
  5 centaurs
  5 kobold brigands
  2 gnoll sergeants
  18 bullfrogs
  4 scorpions
  10 wights
  9 killer bees
  12 howler monkeys
  A crimson imp (D:8)
  4 hounds
  3 orc priests
  12 orc wizards
  3 iguanas
  2 boggart skeletons (D:13)
  6 adders
  16 gnolls
  2 river rats (D:3)
  2 shadow imps
  4 ufetubi (D:7)
  2 worms (D:2)
  50 orcs
  16 endoplasms
  11 giant cockroaches
  8 goblins
  15 hobgoblins
  6 jackals
  6 quokkas
  10 ball pythons
  5 bats
  17 frilled lizards
  16 kobolds
  5 rats
404 creatures vanquished.

Vanquished Creatures (others)
  A howler monkey (D:11)
1 creature vanquished.

Grand Total: 405 creatures vanquished

Notes
Turn   | Place    | Note
-------+----------+-------------------------------------------
     0 | D:1      | inmateoo the Minotaur Fighter began the quest for the Orb.
     0 | D:1      | Reached XP level 1. HP: 19/19 MP: 0/0
    42 | D:1      | Reached XP level 2. HP: 27/27 MP: 1/1
    96 | D:1      | Reached skill level 3 in Axes
   230 | D:1      | Reached XP level 3. HP: 30/33 MP: 2/2
   353 | D:1      | You fall into a shaft and drop 1 floor!
   450 | D:2      | Reached skill level 1 in Dodging
  1431 | D:3      | Found a glowing drain.
  1436 | D:3      | Reached XP level 4. HP: 37/40 MP: 3/3
  1476 | D:3      | Reached skill level 4 in Axes
  1570 | Sewer    | Entered a sewer
  1633 | Sewer    | Reached XP level 5. HP: 46/47 MP: 4/4
  1871 | Sewer    | Reached skill level 5 in Axes
  1871 | Sewer    | Reached XP level 6. HP: 50/53 MP: 5/5
  1980 | D:3      | Found a faded altar of an unknown god.
  2147 | D:3      | Found a bloodstained altar of Trog.
  2774 | D:4      | Found a shimmering altar of Xom.
  2776 | D:4      | Found an opulent altar of Gozag.
  3027 | D:5      | Entered Level 5 of the Dungeon
  3034 | D:5      | Reached skill level 5 in Fighting
  3034 | D:5      | Reached skill level 5 in Armour
  3034 | D:5      | Reached skill level 5 in Shields
  3035 | D:5      | Identified the +1 ring mail of the Sturgeon {rF+ rCorr
                  | Str-3 Slay+2}
  3203 | D:5      | Reached XP level 7. HP: 55/61 MP: 6/6
  3288 | D:5      | Found a glowing golden altar of the Shining One.
  3422 | D:5      | Became a worshipper of the Shining One
  3452 | D:5      | Reached skill level 6 in Axes
  4801 | D:6      | Reached XP level 8. HP: 64/70 MP: 7/7
  4806 | D:6      | Reached skill level 7 in Axes
  4957 | D:6      | Found a staircase to the Ecumenical Temple.
  5308 | D:6      | Reached skill level 8 in Axes
  5399 | D:6      | Found a sparkling altar of Nemelex Xobeh.
  5570 | D:7      | Reached * piety under the Shining One
  5675 | D:7      | Reached XP level 9. HP: 75/78 MP: 8/8
  5731 | D:7      | Reached skill level 5 in Dodging
  5732 | D:7      | Found an ancient bone altar of Kikubaaqudgha.
  5732 | D:7      | Found a shimmering blue altar of Sif Muna.
  5734 | D:7      | Found a radiant altar of Vehumet.
  5737 | D:7      | Reached skill level 1 in Invocations
  5743 | D:7      | Got Sif Muna's Volume of Hexes
  5786 | D:7      | Found a shadowy altar of Dithmenos.
  5852 | D:7      | Reached skill level 9 in Axes
  6279 | D:8      | Found an ornate altar of the Wu Jian Council.
  6342 | D:8      | Reached ** piety under the Shining One
  6352 | D:8      | Found an iron altar of Okawaru.
  6498 | D:8      | Found a broken altar of Ashenzari.
  6579 | D:8      | Found a hide-covered altar of Uskayaw.
  6677 | D:8      | Found a burning altar of Makhleb.
  6782 | D:8      | Found a white marble altar of Elyvilon.
  6965 | D:9      | Reached skill level 10 in Axes
  6967 | D:9      | Reached XP level 10. HP: 62/88 MP: 9/11
  6979 | D:9      | Noticed Erica
  6990 | D:9      | Killed Erica
  7103 | D:9      | Noticed a gargoyle
  7109 | D:9      | Killed a gargoyle
  7194 | D:9      | Noticed a two-headed ogre
  7202 | D:9      | Killed a two-headed ogre
  7203 | D:9      | Reached skill level 11 in Axes
  7804 | D:9      | Reached XP level 11. HP: 84/95 MP: 13/13
  8075 | D:10     | Entered Level 10 of the Dungeon
  8092 | D:10     | Found a staircase to the Lair.
  8114 | D:10     | Reached *** piety under the Shining One
  8133 | D:10     | Noticed Lodul
  8551 | D:10     | Reached skill level 12 in Axes
  8551 | D:10     | Reached skill level 5 in Invocations
  8560 | D:11     | Killed Lodul
  8594 | D:10     | Found a flagged portal.
  8603 | Bailey   | Entered a bailey
  8796 | Bailey   | Noticed Prince Ribbit
  8796 | Bailey   | Noticed a vault guard
  8806 | Bailey   | Killed a vault guard
  8810 | Bailey   | Killed Prince Ribbit
  8843 | Bailey   | Noticed a vault guard
  8855 | Bailey   | Killed a vault guard
  9013 | D:10     | Identified a scroll of acquirement
  9013 | D:10     | Acquired 324 gold pieces
  9024 | D:10     | Reached **** piety under the Shining One
  9096 | D:10     | Noticed a two-headed ogre
  9101 | D:10     | Killed a two-headed ogre
  9102 | D:10     | Reached skill level 10 in Armour
  9102 | D:10     | Found a stormy altar of Qazlal.
  9433 | D:11     | Reached skill level 10 in Fighting
  9449 | D:11     | Found a hazy altar of Hepliaklqana.
  9512 | D:11     | Identified the +7 rapier "Ylublom" {elec, ^Drain rElec
                  | Will+++ Int-2}
  9558 | D:11     | Reached skill level 13 in Axes
  9558 | D:11     | Reached XP level 12. HP: 29/106 MP: 15/15
  9925 | D:11     | Noticed Harold
  9936 | D:11     | Killed Harold
  9937 | D:11     | Reached skill level 10 in Shields
 10089 | D:11     | Found a staircase to the Orcish Mines.
 10333 | D:11     | Noticed a two-headed ogre
 10339 | D:11     | Killed a two-headed ogre
 10644 | D:12     | Noticed a two-headed ogre
 10651 | D:12     | Killed a two-headed ogre
 10819 | D:12     | Noticed a five-headed hydra
 10832 | D:12     | Killed a 12-headed hydra
 11087 | D:12     | Noticed a boulder beetle
 11114 | D:12     | Killed a boulder beetle
 11405 | D:12     | Reached skill level 14 in Axes
 11737 | D:12     | Got the Quarto of Superposition
 11869 | D:13     | Found Pubopuasu's Distillery.
 12048 | D:13     | Noticed Azrael
 12078 | D:13     | Killed Azrael
 12189 | D:13     | Bought a potion of experience for 850 gold pieces
 12189 | D:13     | Bought a potion of curing for 51 gold pieces
 12189 | D:13     | Bought a potion of haste for 170 gold pieces
 12189 | D:13     | Bought a potion of berserk rage for 85 gold pieces
 12189 | D:13     | Bought 2 potions of heal wounds for 170 gold pieces
 12189 | D:13     | Bought a potion of heal wounds for 85 gold pieces
 12205 | D:13     | Found a shadowy altar of Dithmenos.
 12211 | D:13     | Reached ***** piety under the Shining One
 12220 | D:13     | Noticed a centaur warrior
 12230 | D:13     | Noticed a centaur warrior
 12235 | D:13     | Killed a centaur warrior
 12237 | D:13     | Reached XP level 13. HP: 73/116 MP: 17/17
 12553 | D:13     | Found a gate to the Vaults.
 12593 | D:13     | Mangled by a skeletal warrior

Illustrated notes

Levels and vault maps discovered:
D:1:      nicolae_arrival_washed_ashore, layout_basic, minmay_split_cup_small
D:2:      layout_loops_ring, serial_rivers, chequers_serial_rivers_micro_b,
          chequers_serial_rivers_room_a, chequers_serial_rivers_micro_a,
          chequers_serial_rivers_marsh, grunt_decor_mini_mirrors
D:3:      layout_loops_cross, mainiacjoe_overflow_alcove_2,
          portal_sewer_entry_c, chequers_ecumenical_altar_simple
D:4:      layout_basic, chequers_temple_overflow_statue_of_worship
D:5:      layout_cave_pods, nicolae_overflow_crystal_walls, cheibrodos_gnoll_hut
D:6:      layout_gridville, mainiacjoe_overflow_concentric_impassable,
          minmay_temple_entry_steel_oval
D:7:      layout_gridville, grunt_temple_overflow_magic_moments,
          mainiacjoe_overflow_cross_hatched, minivault_27,
          hangedman_decor_lopped, minmay_misc_feat_pillars
D:8:      layout_rooms, mainiacjoe_overflow_24_doors, okawaru_gym_becter,
          lemuel_doored_altar, mainiacjoe_overflow_small_starburst,
          mainiacjoe_overflow_alcove_1, makhleb_grotto_becter, st_stairs_7
D:9:      layout_gridville, grunt_livestock, ebering_dispersal_statue_hall,
          uniq_erica
D:10:     layout_cave_pools, nicolae_qazlal_scattered_showers,
          due_lair_maze_entry_diamond, lightli_bailey_entry_fortress, uniq_lodul
D:11:     layout_gridville, minmay_orc_entry_temple_small, grunt_decor_junction,
          nicolae_hepliaklqana_hazy_memory, uniq_harold
D:12:     layout_long_grid, grunt_decor_resistance, minmay_diamond_spiral
D:13:     minmay_expanding_squares, layout_gridville,
          hangedman_vaults_entry_quadrant_bands, serial_shops,
          nicolae_shop_real_fake_doors, nicolae_lakefront_shop,
          nicolae_shop_advertising_works [nicolae_subvault_shop_adworks],
          nicolae_shop_gaudy_bauble, shop, grunt_dithmenos_shadows, uniq_azrael

Skill      XL: |  1  2  3  4  5  6  7  8  9 10 11 12 13 |
---------------+----------------------------------------+-----
Axes           | 3 4 5 6 8 10 11 13 14 | 14.8
Shields        | 4 5 6 7 8 9 10 11 | 11.1
Fighting       | 4 5 6 7 8 10 11 | 11.4
Armour         | 4 5 6 7 9 10 11 | 11.4
Dodging        | 1 2 3 4 6 7 8 9 |  9.5
Invocations    | 3 4 5 7 |  7.4

Action                     |  1- 3 |  4- 6 |  7- 9 | 10-12 | 13-15 || total
---------------------------+-------+-------+-------+-------+-------++-------
  Melee: War axe           |    80 |   147 |   220 |   167 |       ||   614
         Headbutt          |    13 |    16 |    41 |   129 |    12 ||   211
         Hand axe          |       |       |       |   266 |    55 ||   321
  Evoke: Wand              |       |       |       |     1 |     2 ||     3
    Use: Scroll            |       |     7 |    10 |     5 |     1 ||    23
         Potion            |       |       |       |     3 |       ||     3
 Armour: Scale mail        |    53 |    79 |       |       |       ||   132
         Leather armour    |       |    16 |       |       |       ||    16
         Ring mail         |       |     9 |   126 |   257 |    57 ||   449
  Dodge: Dodged            |    34 |    77 |   123 |   294 |    52 ||   580
  Block: Buckler           |    21 |    61 |   113 |   234 |    43 ||   472

Table legend: (Time is in decaauts)
 A = Elapsed time spent in this place.
 B = Non-inter-level travel time spent in this place.
 C = Inter-level travel time spent in this place.
 D = Time resting spent in this place.
 E = Time spent auto-exploring this place.
 F = Levels seen in this place.
 G = Mean time per level.
                   A        B        C        D        E       F      G
               +--------+--------+--------+--------+--------+-----+--------+
         Total |  12762 |  12095 |    667 |   2760 |   7059 |  15 |  850.8 |
       Dungeon |  11944 |  11277 |    667 |   2467 |   6924 |  13 |  918.8 |
         Sewer |    408 |    408 |      0 |     75 |     82 |   1 |  408.0 |
        Bailey |    409 |    409 |      0 |    218 |     53 |   1 |  409.0 |
               +--------+--------+--------+--------+--------+-----+--------+

Top non-repeatable levels by time:
    D:11: 1583 daAuts
    D:12: 1445 daAuts
     D:9: 1183 daAuts
     D:5: 1146 daAuts
     D:3: 972 daAuts
     D:6: 880 daAuts
     D:2: 810 daAuts
     D:1: 760 daAuts
     D:4: 747 daAuts
     D:7: 690 daAuts
     D:8: 648 daAuts
    D:10: 552 daAuts
    D:13: 521 daAuts
  Bailey: 409 daAuts
   Sewer: 408 daAuts
